 Dungeon Crawl Stone Soup version 0.22-a0-240-g539252a (webtiles) character file.

114 tidbits the Insei (level 4, -1/34 HPs)
             Began as a Gnoll Transmuter on Feb 21, 2018.
             Slain by a leopard gecko (3 damage)
             ... on level 4 of the Dungeon.
             The game lasted 00:03:11 (272 turns).

tidbits the Insei (Gnoll Transmuter)                 Turns: 272, Time: 00:03:12

Health: -1/34      AC:  1    Str: 18    XL:     4   Next: 98%
Magic:  9/11       EV: 15    Int: 16    God:
Gold:   98         SH:  0    Dex: 15    Spells: 7/13 levels left

rFire    . . .     SeeInvis .     - Unarmed
rCold    . . .     Gourm    .   (no shield)
rNeg     . . .     Faith    .   b - +0 robe
rPois    .         Spirit   .   E - -2 helmet (curse)
rElec    .         Reflect  .   (no cloak)
rCorr    .         Harm     .   (no gloves)
MR       .....                  (no boots)
Stlth    ++........             (no amulet)
HPRegen  0.11/turn              (no ring)
MPRegen  0.12/turn              (no ring)

@: mighty
A: distributed training, fangs 1, strong nose
a: no special abilities


You were on level 4 of the Dungeon.
You were not hungry.

You visited 1 branch of the dungeon, and saw 4 of its levels.

You collected 98 gold pieces.

Inventory:

Missiles
 a - 22 arrows
Armour
 b - a +0 robe (worn)
 E - a cursed -2 helmet (worn)
Scrolls
 d - a scroll of immolation {unknown}
Potions
 e - a potion of might
Comestibles
 c - 2 rations


   Skills:
 + Level 2.8 Fighting
 + Level 1.2 Short Blades
 + Level 1.2 Long Blades
 + Level 1.2 Axes
 + Level 1.2 Maces & Flails
 + Level 1.2 Polearms
 + Level 1.2 Staves
 + Level 1.2 Slings
 + Level 1.2 Bows
 + Level 1.2 Crossbows
 + Level 1.2 Throwing
 + Level 1.2 Armour
 + Level 4.7 Dodging
 + Level 1.2 Stealth
 + Level 1.2 Shields
 + Level 6.6 Unarmed Combat
 + Level 5.1 Spellcasting
 + Level 1.0 Conjurations
 + Level 1.0 Hexes
 + Level 1.0 Charms
 + Level 1.0 Summonings
 + Level 1.0 Necromancy
 + Level 1.0 Translocations
 + Level 3.9 Transmutations
 + Level 1.0 Fire Magic
 + Level 1.0 Ice Magic
 + Level 1.0 Air Magic
 + Level 1.0 Earth Magic
 + Level 1.0 Poison Magic
 + Level 1.4 Invocations
 + Level 1.2 Evocations


You had 7 spell levels left.
You knew the following spells:

 Your Spells              Type           Power        Failure   Level  Hunger
e - Beastly Appendage     Tmut           ###...       3%          1    None
k - Sticks to Snakes      Tmut           ###.....     4%          2    #......
p - Spider Form           Tmut/Pois      ##........   16%         3    ###....


Dungeon Overview and Level Annotations

Branches:
Dungeon (4/15)
 Temple: D:4-7

Altars:


Innate Abilities, Weirdness & Mutations

Your experience applies equally to all skills.
You have very sharp teeth.
Your uncanny sense of smell can sniff out nearby items.


Message History

Confirm with . or Enter, or press ? or * to list all spells.
Your feet morph into talons.
A hound comes into view.
There is an open door here.
Casting: Beastly Appendage (safe; 3% risk of failure)
Confirm with . or Enter, or press ? or * to list all spells.
You create a snake!
You now have 22 arrows.
The hound barks!
The worker ant twitches its antennae in your direction.
Your adder bites the worker ant but does no damage.
You hit the worker ant.
The worker ant is lightly wounded.
The worker ant closely misses you.
Your adder closely misses the worker ant.
The worker ant misses you.
Your adder bites the worker ant.
The hound misses you.
You hit the hound. Your kick misses the hound. You bite the hound.
The hound is moderately wounded.
Your transformation is almost over.
Your adder bites the worker ant.
The worker ant is poisoned.
Your adder poisons the worker ant!
The hound bites you.
* * * LOW HITPOINT WARNING * * *
Your adder misses the worker ant. You punch the hound! You bite the hound.
The hound is almost dead.
The hound barely misses you.
Your adder bites the worker ant but does no damage.
The hound barely misses you.
You punch the hound!
You kill the hound!
Your Short Blades skill increases to level 1!
Your Long Blades skill increases to level 1!
Your Axes skill increases to level 1!
Your Maces & Flails skill increases to level 1!
Your Polearms skill increases to level 1!
Your Staves skill increases to level 1!
Your Slings skill increases to level 1!
Your Bows skill increases to level 1!
Your Crossbows skill increases to level 1!
Your Throwing skill increases to level 1!
Your Armour skill increases to level 1!
Your Stealth skill increases to level 1!
Your Shields skill increases to level 1!
Your Evocations skill increases to level 1!
You have reached level 4!
You feel stronger.
You hit the worker ant. Your bite misses the worker ant.
The worker ant is severely wounded.
The worker ant looks more healthy.
Your adder barely misses the worker ant.
The worker ant bites you!
* * * LOW HITPOINT WARNING * * *
You barely miss the worker ant. Your kick misses the worker ant.
The worker ant is severely wounded.
Your adder bites the worker ant.
The worker ant closely misses you.
You closely miss the worker ant. Your kick misses the worker ant.
The worker ant is almost dead.
Your adder bites the worker ant but does no damage.
The worker ant bites you.
* * * LOW HITPOINT WARNING * * *
Your adder closely misses the worker ant.
You hit the worker ant.
You kill the worker ant!
It was a potion of might.
You feel very mighty all of a sudden.
You swap places.
There is an open door, spattered with blood here.
Things that are here:
a worker ant corpse; a hound corpse Your talons disappear.
You see here 15 gold pieces.
You now have 98 gold pieces (gained 15).
A leopard gecko and a skeleton come into view.
You punch the centaur skeleton!
The centaur skeleton is heavily damaged.
Your adder bites the centaur skeleton.
The centaur skeleton misses you.
You punch the centaur skeleton!
You destroy the centaur skeleton!
Your Conjurations skill increases to level 1!
Your Hexes skill increases to level 1!
Your Charms skill increases to level 1!
Your Summonings skill increases to level 1!
Your Necromancy skill increases to level 1!
Your Translocations skill increases to level 1!
Your Fire Magic skill increases to level 1!
Your Ice Magic skill increases to level 1!
Your Air Magic skill increases to level 1!
Your Earth Magic skill increases to level 1!
Your Poison Magic skill increases to level 1!
You swap places.
The leopard gecko hisses angrily.
You barely miss the leopard gecko. Your bite misses the leopard gecko.
The leopard gecko bites you.
* * * LOW HITPOINT WARNING * * *
You barely miss the leopard gecko. Your bite misses the leopard gecko.
Your adder closely misses the leopard gecko.
The leopard gecko misses you.
You barely miss the leopard gecko. You bite the leopard gecko.
The leopard gecko is severely wounded.
Your adder barely misses the leopard gecko.
The leopard gecko bites you.
You die...

##### #...# #...# ###
###### #...# ...#
######....###...## ...##
.....†...........+......
######....##.#...#....#
#....##..........#
#....###..S@...###
#....# #...l...# #....#
##...#### ###### .......
#....... ∆ #........
#####.... #....


You could see a leopard gecko and a friendly adder.

Vanquished Creatures
  A hound (D:4)
  A centaur skeleton (D:4)
  A worker ant (D:4)
  2 adders (D:2)
  2 worms
  A dart slug (D:1)
  2 leopard geckos (D:2)
  A giant cockroach (D:2)
  2 goblins (D:1)
  A hobgoblin (D:2)
  2 jackals (D:3)
  A quokka (D:3)
  A bat (D:3)
  A frilled lizard (D:3)
  2 kobolds
  A rat (D:2)
22 creatures vanquished.

Vanquished Creatures (collateral kills)
  A kobold (D:2)
1 creature vanquished.

Grand Total: 23 creatures vanquished

Notes
Turn   | Place    | Note
-------+----------+-------------------------------------------
     0 | D:1      | tidbits the Gnoll Transmuter began the quest for the Orb.
     0 | D:1      | Reached XP level 1. HP: 17/17 MP: 6/6
    87 | D:2      | Reached XP level 2. HP: 17/23 MP: 7/7
    91 | D:2      | Learned a level 2 spell: Sticks to Snakes
   141 | D:2      | Reached skill level 5 in Spellcasting
   141 | D:2      | Reached XP level 3. HP: 17/28 MP: 6/9
   146 | D:2      | Learned a level 3 spell: Spider Form
   192 | D:3      | Reached skill level 1 in Invocations
   249 | D:4      | Reached skill level 1 in Short Blades
   249 | D:4      | Reached skill level 1 in Long Blades
   249 | D:4      | Reached skill level 1 in Axes
   249 | D:4      | Reached skill level 1 in Maces & Flails
   249 | D:4      | Reached skill level 1 in Polearms
   249 | D:4      | Reached skill level 1 in Staves
   249 | D:4      | Reached skill level 1 in Slings
   249 | D:4      | Reached skill level 1 in Bows
   249 | D:4      | Reached skill level 1 in Crossbows
   249 | D:4      | Reached skill level 1 in Throwing
   249 | D:4      | Reached skill level 1 in Armour
   249 | D:4      | Reached skill level 1 in Stealth
   249 | D:4      | Reached skill level 1 in Shields
   249 | D:4      | Reached skill level 1 in Evocations
   249 | D:4      | Reached XP level 4. HP: 17/34 MP: 6/11
   252 | D:4      | HP: 3/34 [worker ant (6)]
   265 | D:4      | Reached skill level 1 in Conjurations
   265 | D:4      | Reached skill level 1 in Hexes
   265 | D:4      | Reached skill level 1 in Charms
   265 | D:4      | Reached skill level 1 in Summonings
   265 | D:4      | Reached skill level 1 in Necromancy
   265 | D:4      | Reached skill level 1 in Translocations
   265 | D:4      | Reached skill level 1 in Fire Magic
   265 | D:4      | Reached skill level 1 in Ice Magic
   265 | D:4      | Reached skill level 1 in Air Magic
   265 | D:4      | Reached skill level 1 in Earth Magic
   265 | D:4      | Reached skill level 1 in Poison Magic
   270 | D:4      | HP: 2/34 [leopard gecko (3)]
   272 | D:4      | Slain by a leopard gecko

Vault maps used:
D:1:      giann_horns
D:2:      lemuel_coloured_pillars_altar, kennysheep_generic_room_9
D:3:      lemuel_doored_altar, first_ration
D:4:      kennysheep_mini

Skill      XL: |  1  2  3  4 |
---------------+-------------+-----
Spellcasting   | 5 |  5.1
Invocations    | 1 |  1.4
Short Blades   | 1 |  1.2
Long Blades    | 1 |  1.2
Axes           | 1 |  1.2
Maces & Flails | 1 |  1.2
Polearms       | 1 |  1.2
Staves         | 1 |  1.2
Slings         | 1 |  1.2
Bows           | 1 |  1.2
Crossbows      | 1 |  1.2
Throwing       | 1 |  1.2
Armour         | 1 |  1.2
Stealth        | 1 |  1.2
Shields        | 1 |  1.2
Evocations     | 1 |  1.2
Conjurations   | 1 |  1.0
Hexes          | 1 |  1.0
Charms         | 1 |  1.0
Summonings     | 1 |  1.0
Necromancy     | 1 |  1.0
Translocations | 1 |  1.0
Fire Magic     | 1 |  1.0
Ice Magic      | 1 |  1.0
Air Magic      | 1 |  1.0
Earth Magic    | 1 |  1.0
Poison Magic   | 1 |  1.0
Fighting       | |  2.8
Dodging        | |  4.7
Unarmed Combat | |  6.6
Transmutations | |  3.9

Action                   |  1- 3 |  4- 6 || total
-------------------------+-------+-------++-------
Melee: Unarmed           |    44 |     9 ||    53
       Kick              |    12 |       ||    12
       Bite              |     6 |     1 ||     7
 Cast: Beastly Appendage |    10 |       ||    10
       Sticks to Snakes  |     4 |       ||     4
  Use: Potion            |       |     1 ||     1
 Stab: Sleeping          |     4 |       ||     4
Armor: Robe              |     3 |       ||     3
Dodge: Dodged            |    27 |     3 ||    30

Table legend:
 A = Spawn XP
 B = Non-spawn XP
 C = Spawn XP percentage of total XP
 D = Spawn monster count
 E = Non-spawn monster count
 F = Spawn count percentage of total count
 G = Total turns spent on level
                    A         B        C        D         E        F      G
               +---------+---------+-------+---------+---------+-------+---------
         Total |       0 |     164 |   0.0 |       0 |      23 |   0.0 |   272
               +---------+---------+-------+---------+---------+-------+---------
           D:1 |       0 |       9 |   0.0 |       0 |       4 |   0.0 |    86
           D:2 |       0 |      45 |   0.0 |       0 |      10 |   0.0 |    94
           D:3 |       0 |      11 |   0.0 |       0 |       6 |   0.0 |    59
           D:4 |       0 |      99 |   0.0 |       0 |       3 |   0.0 |    33
               +---------+---------+-------+---------+---------+-------+---------

Table legend:
 A = Turns spent in this place as a percentage of turns spent in the entire game.
 B = Non-inter-level travel turns spent in this place as a percentage of non-inter-level travel turns spent in the entire game.
 C = Inter-level travel turns spent in this place as a percentage of turns spent in this place.
 D = Turns resting spent in this place as a percentage of non-inter-level travel turns spent in this place.
 E = Turns spent auto-exploring this place as a percentage of non-inter-level travel turns spent in this place.
 F = Non-inter-level travel turns spent in this place divided by the number of levels of this place that you've seen.
                   A       B       C       D       E      F
               +-------+-------+-------+-------+-------+----------------------
         Total | 100.0 | 100.0 |   0.0 |   0.0 |   0.0 |  68.0
       Dungeon | 100.0 | 100.0 |   0.0 |   0.0 |   0.0 |  68.0
               +-------+-------+-------+-------+-------+----------------------

Table legend:
 A = Kills in this place as a percentage of kills in entire the game.
 B = Kills by you in this place as a percentage of kills by you in the entire game.
 C = Kills by friends in this place as a percentage of kills by friends in the entire game.
 D = Other kills in this place as a percentage of other kills in the entire game.
 E = Experience gained in this place as a percentage of experience gained in the entire game.
 F = Experience gained in this place divided by the number of levels of this place that you have seen.
                   A       B       C       D       E      F
               +-------+-------+-------+-------+-------+----------------------
         Total | 100.0 | 100.0 | 100.0 |   N/A | 100.0 |  41.0
       Dungeon | 100.0 | 100.0 | 100.0 |   N/A | 100.0 |  41.0
               +-------+-------+-------+-------+-------+----------------------

Vault maps used:
D:1:      giann_horns
D:2:      lemuel_coloured_pillars_altar, kennysheep_generic_room_9
D:3:      lemuel_doored_altar, first_ration
D:4:      kennysheep_mini
